 Dungeon Crawl Stone Soup version 0.19.0-2-gae57169 (webtiles) character file.

10563 RobertPalmer the Covert (level 11, -1/67 HPs)
             Began as an Octopode Chaos Knight on Nov 5, 2016.
             Slain by a hellwing (15 damage)
             ... summoned by Xom
             ... on level 11 of the Dungeon.
             The game lasted 00:40:36 (13270 turns).

RobertPalmer the Covert (Octopode Chaos Knight)    Turns: 13270, Time: 00:40:36

Health: -1/67      AC:  2    Str: 11      XL:     11   Next: 64%
Magic:  15/15      EV: 17    Int: 18      God:    Xom [..*...]
Gold:   840        SH:  0    Dex: 10 (14) Spells: 4 memorised, 4 levels left

rFire  + . .     SeeInvis +     b - +1 short sword (drain)
rCold  . . .     Gourm    .     (no shield)
rNeg   . . .     Faith    +     (helmet restricted)
rPois  .         Spirit   .     T - amulet of the First Lives {Faith Int+2}
rElec  .         Reflect  .     l - ring of see invisible {sInv, !d}
rCorr  .         Harm     .     w - ring of stealth {Stlth+}
MR     .....     Clarity  +     x - ring of stealth {Stlth+}
Stlth  ++++++++..               A - +2 ring of slaying
                                I - +1 ring of protection
                                (no ring)
                                (no ring)
                                (no ring)

@: repel missiles
A: almost no armour, stealthy swim, amphibious, 8 rings, constrict 8, camouflage
1, blurry vision 2, clarity, fire resistance 1, regeneration 1, gelatinous body
1
a: Renounce Religion


You were on level 11 of the Dungeon.
You worshipped Xom.
You were a toy of Xom.
You were near starving.

You visited 1 branch of the dungeon, and saw 11 of its levels.

You collected 840 gold pieces.

Inventory:

Hand Weapons
 a - a +1 dagger of venom
   (You took it off a kobold on level 10 of the Dungeon)
 b - a +1 short sword of draining (weapon)
   (You took it off a wight on level 6 of the Dungeon)
 m - a +4 antimagic dagger
   (You took it off Dowan on level 6 of the Dungeon)
 v - a +2 dagger of chaos
   (You took it off a crimson imp on level 4 of the Dungeon)
Missiles
 k - 283 stones (quivered)
 y - 5 throwing nets {=f, !d}
Jewellery
 l - a ring of see invisible (left tentacle) {sInv, !d}
   (You found it on level 1 of the Dungeon)
 w - a ring of stealth (right tentacle) {Stlth+}
   (You found it on level 3 of the Dungeon)
 x - a ring of stealth (on tentacle) {Stlth+}
   (You found it on level 3 of the Dungeon)
 A - a +2 ring of slaying (on tentacle)
   (You found it on level 4 of the Dungeon)
 F - a cursed ring of teleportation {+/*tele, !d}
   (You found it on level 4 of the Dungeon)
 I - a +1 ring of protection (on tentacle)
   (You found it on level 5 of the Dungeon)
 T - the amulet of the First Lives (around mantle) {Faith Int+2}
   (Xom gifted it to you on level 10 of the Dungeon)

   [amulet of faith]

   It allows you to gain divine favour quickly.
   It affects your intelligence (+2).
Wands
 t - a wand of slowing (29/48)
   (You found it on level 11 of the Dungeon)
 K - a wand of digging (11/24)
   (You found it on level 6 of the Dungeon)
 V - a wand of teleportation (3/9)
   (You took it off a kobold on level 8 of the Dungeon)
Scrolls
 f - 3 scrolls of recharging {unknown}
 g - 5 scrolls of remove curse
 j - a scroll of immolation {!r}
 o - 4 scrolls of enchant weapon {unknown}
 q - 3 scrolls of fog {unknown}
 r - 3 scrolls of fear
 s - 3 scrolls of random uselessness {unknown}
 z - a scroll of vulnerability {unknown}
 B - 2 scrolls of amnesia {unknown}
 E - 2 scrolls of blinking {unknown}
 L - a scroll of enchant armour {unknown}
 P - 4 scrolls of teleportation
 Q - 2 scrolls of identify
 U - a scroll of summoning {unknown}
Potions
 d - a potion of agility
 e - 2 potions of flight
 h - a potion of resistance {unknown}
 i - 3 potions of heal wounds {unknown}
 n - a potion of magic {unknown}
 p - 2 potions of cancellation
 u - a potion of mutation {unknown}
 D - a potion of invisibility {unknown}
 G - a potion of brilliance {unknown}
 J - 2 potions of ambrosia {unknown}
 M - 2 potions of might
 N - a potion of lignification {!q}
 R - a potion of beneficial mutation {unknown}
 S - a potion of curing
 W - a potion of haste {unknown}
Books
 Z - a book of Beasts
   (You found it on level 9 of the Dungeon)
Comestibles
 c - 7 meat rations {@e2}
 C - 5 bread rations {@e1}
 H - 6 fruits
 O - 2 slices of pizza
 X - 11 royal jellies
 Y - 3 beef jerkies


   Skills:
 - Level 3.0 Fighting
 - Level 8.7 Short Blades
 - Level 10.0 Dodging
 - Level 11.3 Stealth
 - Level 4.4 Charms
 + Level 7.3 Summonings
 - Level 5.4 Evocations


You had 4 spell levels left.
You knew the following spells:

 Your Spells              Type           Power        Failure   Level  Hunger
d - Repel Missiles        Chrm/Air       #.....       14%         2    ###....
s - Swiftness             Chrm/Air       #.......     14%         2    ###....
A - Animate Skeleton      Necr           N/A          21%         1    ##.....
B - Summon Butterflies    Summ           ####....     1%          1    ##.....


Dungeon Overview and Level Annotations

Branches:
Dungeon (11/15)            Temple (0/1) D:5            Lair (0/6) D:11
    Orc (0/2) D:9

Altars:
Ashenzari
Cheibriados
Dithmenos
Fedhas
Gozag
Kikubaaqudgha
Nemelex Xobeh
Okawaru
Uskayaw
Xom
Yredelemnul
Zin
Beogh

Annotations:
D:4 dvd's ghost, amateur OpVM
D:5 Sigmund
D:7 exclusion: jelly, Archivist's ghost, novice DsWn


Innate Abilities, Weirdness & Mutations

You cannot wear most types of armour.
You are very stealthy in the water. (Stealth+)
You are amphibious.
You can wear up to eight rings at the same time.
You can use your tentacles to constrict eight enemies at once.
Your skin changes colour to match your surroundings (Stealth+).
Your rubbery body absorbs attacks. (AC +1, EV +1)
Scrolls take you longer to read.
You possess an exceptional clarity of mind.
Your flesh is heat resistant. (rF+)
Your natural rate of healing is unusually fast.


Message History

You almost hear Xom's maniacal laughter.
One of your 6 fruits falls out of your pack, then immediately jumps back in!
The yak is too close now for your liking.
A yak is nearby!
A yak is nearby!
Unknown command.
The yak bellows!
You hit the yak. You drain the yak! Your squeeze misses the yak.
You hear Xom's maniacal laughter.
The yak misses you.
You hit the yak. You drain the yak! You squeeze the yak.
You barely miss the yak. "You have grown too confident for your meagre worth."
You feel clumsy.
You are now a toy of Xom.
The quasit bites you.
You feel clumsy. The quasit claws you.
You feel clumsy. The quasit completely misses you. The yak barely misses you.
You take 2 damage, and have 65/67 hp.
You hit the yak. You drain the yak! The quasit barely misses you.
The quasit misses you. The quasit barely misses you. The yak misses you.
The crimson imp puffs mist at you.
The crimson imp blinks!
You hit the yak. You drain the yak! The quasit barely misses you. x2
The quasit completely misses you.
Unknown command.
You hit the yak. You drain the yak!
You kill the yak!
The quasit misses you. The quasit claws you.
You feel clumsy. The quasit closely misses you.
The crimson imp blinks!
You hit the yak. You drain the yak! Your squeeze misses the yak.
The quasit closely misses you. The quasit barely misses you.
The quasit closely misses you.
You puncture the yak! The yak gores you. The quasit bites you.
The quasit closely misses you. x2
You take 5 damage, and have 61/67 hp.
Unknown command.
You hit the yak. The yak closely misses you.
You hit the yak. You drain the yak! Xom almost notices you.
You feel a wrenching sensation.
You hit the yak. The yak barely misses you. The hellwing misses you.
The hellwing hits you!
You take 7 damage, and have 55/67 hp.
Unknown command.
You hit the yak. The yak gores you.
You take 1 damage, and have 54/67 hp.
Unknown command.
You hit the yak. The hellwing hits you! The hellwing completely misses you.
The crimson imp blinks!
The yak misses you.
You take 9 damage, and have 45/67 hp.
Unknown command.
You hit the yak. You drain the yak!
You kill the yak!
The hellwing barely misses you. The hellwing misses you.
Unknown command.
Things that are here:
a yak corpse x2
The hellwing swoops through the air toward you!
The hellwing barely misses you. x2
The crimson imp blinks!
The hellwing misses you.
The hellwing hits you but does no damage.
The hellwing hits you! The hellwing hits you.
You take 17 damage, and have 30/67 hp.
MASSIVE DAMAGE!!
The crimson imp laughs crazily.
The crimson imp blinks!
The hellwing swoops through the air toward you!
The hellwing hits you. The hellwing hits you!
You take 11 damage, and have 28/67 hp.
You hit the hellwing but do no damage. You squeeze the hellwing.
The hellwing hits you!
* * * LOW HITPOINT WARNING * * *
Xom is interested.
The hellwing completely misses you.
You take 12 damage, and have 16/67 hp.
The crimson imp closely misses you.
You barely miss the crimson imp. Your grab misses the crimson imp.
You squeeze the crimson imp!
Unknown command.
You barely miss the crimson imp. Your grab misses the crimson imp.
The hellwing completely misses you. The hellwing closely misses you.
The crimson imp hits you.
* * * LOW HITPOINT WARNING * * *
Xom is interested.
You take 4 damage, and have 13/67 hp.
You feel better. The hellwing misses you. The hellwing hits you.
* * * LOW HITPOINT WARNING * * *
The crimson imp closely misses you.
Unknown command.
Really read with blurry vision while enemies are nearby?
Okay, then.
Unknown command.
Unknown command.
You hit the crimson imp. Your grab misses the crimson imp.
The hellwing hits you!
You die...

.(....§# #.# #.#.# #.## #.§..
......§# #5# #.#§# #..# ##§#.
.......#####.###.#.###..######.#.
..............................>#.
############.###.#..........._.#.
#.# #5#####.#..####.#. #.#
#..........[).).#.
#.######..#.#..####.#.
#...4@5...#.#..§###...
########.##.#(..§##[..
#..........)......§§
#.####.##.###_.##)#. #.# #.##.#
##.#_.#. #.# ##.##.# #)#..#.
##############.###...### #_...#.
...............##.....## #....#.
##############.#.......####....#.


You could see a hellwing and a crimson imp.

Vanquished Creatures
  A great orb of eyes (D:11)
  An alligator (D:11)
  A deep elf mage (D:11)
  An ugly thing (D:11)
  A troll (D:10)
  A hornet (D:8)
  A two-headed ogre (D:9)
  Grinder (D:6)
  A blink frog (D:11)
  A hippogriff (D:8)
  A fire bat (D:11)
  Eustachio (D:6)
  2 steam dragons (D:11)
  4 yaks (D:11)
  A hungry ghost (D:9)
  3 wargs (D:11)
  A hell hound (shapeshifter) (D:11)
  Duvessa (D:6)
  2 soldier ants (D:8)
  6 orc warriors
  3 ice beasts
  A phantom (D:6)
  2 ogres
  A wolf (D:9)
  4 big kobolds
  2 centaurs
  2 elf zombies (D:8)
  9 bullfrogs
  Blork the orc (D:5)
  An elf skeleton (D:8)
  Dowan (D:6)
  3 scorpions
  5 killer bees (D:9)
  5 wights
  A howler monkey (D:8)
  5 crimson imps
  4 jellies
  2 human zombies (D:8)
  11 orc priests
  2 centaur skeletons
  Crazy Yiuf (D:7)
  2 hounds
  2 human skeletons (D:8)
  Jessica (D:2)
  2 gnoll shamans (D:6)
  2 iguanas (D:5)
  6 orc wizards
  11 worker ants
  38 gnolls
  A worker ant zombie (D:6)
  10 adders
  3 shadow imps
  3 oozes
  2 adder zombies
  An adder skeleton (D:10)
  2 worms
  2 dart slugs
  3 leopard geckos
  47 orcs
  3 ball pythons
  6 bats
  3 giant cockroaches
  7 goblins
  10 hobgoblins
  23 jackals
  6 quokkas
  2 frilled lizards
  A giant cockroach zombie (D:5)
  A jackal skeleton (D:3)
  25 kobolds
  A leopard gecko skeleton (D:5)
  An orc zombie (D:8)
  8 rats
  2 fungi (D:7)
335 creatures vanquished.

Vanquished Creatures (collateral kills)
  A gargoyle (D:11)
  An orc warrior (D:11)
  A quasit (D:11)
  2 orcs (D:11)
5 creatures vanquished.

Vanquished Creatures (others)
  A dancing weapon (D:9)
  A plant (D:6)
2 creatures vanquished.

Grand Total: 342 creatures vanquished

Notes
Turn   | Place    | Note
-------+----------+-------------------------------------------
     0 | D:1      | RobertPalmer the Octopode Chaos Knight began the quest for the Orb.
     0 | D:1      | Reached XP level 1. HP: 16/16 MP: 1/1
    93 | D:1      | Reached skill level 1 in Stealth
   245 | D:1      | Reached skill level 2 in Stealth
   250 | D:1      | Reached XP level 2. HP: 16/21 MP: 2/2
   434 | D:1      | Reached skill level 3 in Stealth
   595 | D:1      | Reached XP level 3. HP: 24/26 MP: 3/3
   795 | D:1      | Reached skill level 4 in Stealth
  1116 | D:2      | Reached skill level 5 in Stealth
  1197 | D:2      | Reached XP level 4. HP: 31/31 MP: 4/4
  1456 | D:2      | Noticed Jessica
  1470 | D:2      | Killed Jessica
  1470 | D:2      | Reached skill level 6 in Stealth
  1495 | D:2      | Reached XP level 5. HP: 36/36 MP: 5/5
  1576 | D:2      | XOM: harmless Tmut miscast
  1936 | D:3      | Reached skill level 7 in Stealth
  1989 | D:3      | Found a sparkling altar of Nemelex Xobeh.
  2431 | D:4      | Noticed an ogre
  2466 | D:4      | Noticed dvd's ghost (amateur OpVM)
  2513 | D:4      | Noticed an ogre
  2530 | D:4      | Killed an ogre
  2530 | D:4      | Reached skill level 2 in Evocations
  2530 | D:4      | Reached XP level 6. HP: 42/42 MP: 5/8
  2546 | D:4      | Reached skill level 3 in Evocations
  2708 | D:4      | XOM: harmless Necr miscast
  2780 | D:4      | XOM: harmless Tmut miscast
  2879 | D:4      | Found a shimmering altar of Xom.
  2885 | D:4      | XOM: harmless Fire miscast
  2905 | D:4      | Reached skill level 4 in Evocations
  2972 | D:4      | Learned a level 1 spell: Animate Skeleton
  3352 | D:4      | Reached XP level 7. HP: 41/46 MP: 10/10
  3406 | D:4      | Reached skill level 5 in Evocations
  3456 | D:4      | XOM: summons friendly quasit
  3458 | D:4      | XOM: blink monster(s)
  3459 | D:4      | XOM: confusion (+ monsters)
  3680 | D:4      | XOM: polymorph orc -> rat
  3790 | D:4      | XOM: smoke on damage
  3790 | D:4      | XOM: harmless Chrm miscast
  3795 | D:4      | XOM: enchant monster (good)
  3808 | D:3      | HP: 11/46 [poisoned by dvd's ghost (sting)]
  3814 | D:3      | HP: 8/46 [poisoned by dvd's ghost (sting)]
  3821 | D:3      | HP: 6/46 [poisoned by dvd's ghost (sting)]
  3828 | D:3      | HP: 5/46 [poisoned by dvd's ghost (sting)]
  3836 | D:3      | HP: 4/46 [poisoned by dvd's ghost (sting)]
  3943 | D:3      | XOM: harmless Air miscast
  4127 | D:3      | XOM: give mutations
  4127 | D:3      | Gained mutation: Your magical capacity is low. (-10% MP) [Xom's mischief]
  4127 | D:3      | Gained mutation: Scrolls take you a little longer to read. [Xom's mischief]
  4127 | D:3      | Gained mutation: You are clumsy. (Dex -2) [Xom's mischief]
  4127 | D:3      | Gained mutation: You possess an exceptional clarity of mind. [Xom's mischief]
  4386 | D:5      | Entered Level 5 of the Dungeon
  4392 | D:5      | Noticed Sigmund
  4392 | D:5      | XOM: chaos upgrade
  4423 | D:5      | Found a staircase to the Ecumenical Temple.
  4432 | D:5      | Reached skill level 4 in Short Blades
  4456 | D:5      | XOM: medium Air miscast
  4472 | D:5      | Noticed Blork the orc
  4476 | D:5      | Killed Blork the orc
  4656 | D:5      | Noticed Sigmund
  4656 | D:5      | Sigmund changed into Sigmund the centaur
  4656 | D:5      | XOM: polymorph Sigmund -> Sigmund the centaur
  4668 | D:5      | Reached skill level 5 in Short Blades
  4887 | D:5      | Found a snail-covered altar of Cheibriados.
  5179 | D:6      | Noticed Eustachio
  5188 | D:6      | Killed Eustachio
  5188 | D:6      | Reached skill level 6 in Short Blades
  5188 | D:6      | Reached XP level 8. HP: 52/52 MP: 10/10
  5248 | D:6      | XOM: enchant monster (bad)
  5396 | D:6      | Noticed Duvessa
  5459 | D:6      | XOM: stat loss: -1 Int (14/15)
  6015 | D:6      | Reached skill level 7 in Short Blades
  6051 | D:6      | XOM: swap monsters
  6095 | D:6      | Noticed Dowan
  6104 | D:6      | XOM: noise
  6213 | D:6      | Noticed Grinder
  6213 | D:6      | XOM: cast spell 'Excruciating Wounds'
  6242 | D:6      | XOM: summons 2 friendly demons
  6249 | D:6      | Killed Grinder
  6249 | D:6      | Reached skill level 8 in Short Blades
  6355 | D:6      | XOM: scenery: 3 doors close
  6384 | D:6      | XOM: summons 3 hostile shadow creatures
  6419 | D:6      | XOM: chaos cloud
  6529 | D:6      | XOM: give mutations
  6529 | D:6      | Gained mutation: Scrolls take you longer to read. [Xom's mischief]
  6529 | D:6      | Gained mutation: Your flesh is heat resistant. (rF+) [Xom's mischief]
  6529 | D:6      | Gained mutation: Your mind is acute. (Int +2) [Xom's mischief]
  6532 | D:6      | XOM: give mutations
  6532 | D:6      | Lost mutation: Your mind is acute. (Int +2) [Xom's mischief]
  6532 | D:6      | Gained mutation: Your natural rate of healing is unusually fast. [Xom's mischief]
  6532 | D:6      | Lost mutation: You are clumsy. (Dex -2) [Xom's mischief]
  6532 | D:6      | Lost mutation: Your magical capacity is low. (-10% MP) [Xom's mischief]
  6567 | D:6      | XOM: polymorph gnoll -> worker ant
  6662 | D:6      | Reached skill level 3 in Dodging
  6662 | D:6      | Reached XP level 9. HP: 55/56 MP: 13/13
  6862 | D:6      | Reached skill level 4 in Dodging
  7047 | D:7      | XOM: medium Divn miscast
  7061 | D:7      | Found a basalt altar of Yredelemnul.
  7324 | D:7      | XOM: harmless Summ miscast
  7395 | D:7      | Noticed Archivist's ghost (novice DsWn)
  7403 | D:7      | XOM: divination: magic mapping
  7405 | D:7      | XOM: mild Tmut miscast
  7432 | D:6      | XOM: give mutations
  7432 | D:6      | Gained mutation: Scrolls take you much longer to read. [Xom's mischief]
  7432 | D:6      | Lost mutation: Scrolls take you much longer to read. [Xom's mischief]
  7523 | D:6      | Reached skill level 5 in Dodging
  7530 | D:6      | XOM: stat loss: -1 Int (14/16)
  7783 | D:6      | XOM: silly message
  7805 | D:6      | XOM: noise
  7821 | D:6      | XOM: harmless Hex miscast
  7908 | D:7      | XOM: enchant monster (bad)
  7921 | D:7      | XOM: summons 1 hostile demon
  7947 | D:7      | HP: 14/56 [bullfrog (1)]
  7951 | D:6      | Reached skill level 6 in Dodging
  8037 | D:6      | Killed Duvessa
  8040 | D:6      | Killed Dowan
  8258 | D:7      | XOM: god gift: scroll labeled IQANEA SIXKIO {god gift}
  8372 | D:7      | Found a runed door.
  8376 | D:7      | Noticed Crazy Yiuf
  8380 | D:7      | Killed Crazy Yiuf
  8405 | D:8      | Found a glowing silver altar of Zin.
  8405 | D:8      | Noticed an angel
  8460 | D:8      | Reached skill level 7 in Dodging
  8563 | D:8      | XOM: harmless Necr miscast
  8564 | D:8      | HP: 8/56 [centaur (9)]
  8571 | D:8      | HP: 12/56 [jackal (2)]
  8669 | D:8      | XOM: harmless Hex miscast
  8720 | D:8      | Found an ancient bone altar of Kikubaaqudgha.
  8725 | D:8      | Reached skill level 8 in Dodging
  8762 | D:8      | Reached XP level 10. HP: 63/63 MP: 14/14
  8787 | D:8      | Reached skill level 9 in Dodging
  8838 | D:8      | XOM: 2-stop teleportation journey
  8842 | D:8      | XOM: cast spell 'Confusing Touch'
  8964 | D:8      | XOM: god gift: 18 gold pieces
  9071 | D:8      | XOM: swap monsters
  9111 | D:8      | Found a shimmering altar of Xom.
  9177 | D:8      | Reached skill level 10 in Dodging
  9310 | D:8      | XOM: noise
  9471 | D:8      | Found an iron altar of Okawaru.
  9481 | D:8      | XOM: harmless Fire miscast
  9619 | D:9      | Found an opulent altar of Gozag.
  9622 | D:9      | Found a hide-covered altar of Uskayaw.
  9622 | D:9      | Found a shattered altar of Ashenzari.
  9623 | D:9      | Found a blossoming altar of Fedhas.
  9742 | D:9      | Reached skill level 8 in Stealth
  9836 | D:9      | Found a shadowy altar of Dithmenos.
  9994 | D:9      | Reached skill level 9 in Stealth
 10099 | D:9      | Found a roughly hewn altar of Beogh.
 10099 | D:9      | Found a staircase to the Orcish Mines.
 10179 | D:9      | XOM: summons 1 hostile shadow creature
 10262 | D:9      | XOM: polymorph killer bee -> wolf
 10295 | D:9      | Reached skill level 10 in Stealth
 10333 | D:9      | XOM: silly message
 10461 | D:9      | XOM: summons 3 friendly demons
 10470 | D:10     | Entered Level 10 of the Dungeon
 10563 | D:10     | Reached skill level 11 in Stealth
 10578 | D:10     | Learned a level 1 spell: Summon Butterflies
 10588 | D:10     | Learned a level 2 spell: Repel Missiles
 10645 | D:10     | Reached skill level 1 in Charms
 10946 | D:10     | Reached skill level 2 in Charms
 11234 | D:10     | XOM: god gift: vibrating sapphire amulet {god gift}
 11239 | D:10     | Got a vibrating sapphire amulet {god gift}
 11245 | D:10     | Identified the amulet of the First Lives {Faith Int+2} (Xom gifted it to you on level 10 of the Dungeon)
 11316 | D:10     | Reached skill level 3 in Charms
 11336 | D:10     | XOM: 3-stop teleportation journey
 11440 | D:10     | XOM: scenery: 1 doors open, 1 doors close
 11579 | D:11     | XOM: mild Tloc miscast
 11603 | D:11     | Noticed a hill giant
 11608 | D:11     | Noticed an alligator
 11608 | D:11     | a hill giant changed into an alligator
 11608 | D:11     | XOM: polymorph hill giant -> alligator
 11645 | D:11     | XOM: divine lightning (protected)
 11646 | D:11     | XOM: chaos cloud
 11659 | D:11     | Killed an alligator
 11659 | D:11     | Reached skill level 4 in Charms
 11659 | D:11     | Reached XP level 11. HP: 47/67 MP: 15/15
 11672 | D:11     | Learned a level 2 spell: Swiftness
 11688 | D:11     | Reached skill level 1 in Summonings
 11719 | D:11     | XOM: scenery: create altars
 11740 | D:11     | Found a staircase to the Lair.
 11743 | D:11     | Reached skill level 2 in Summonings
 11752 | D:11     | XOM: confuse monster(s)
 11781 | D:11     | HP: 14/67 [acid (3)]
 11800 | D:11     | XOM: polymorph jelly -> giant cockroach
 11891 | D:11     | XOM: potion effect (haste)
 11895 | D:11     | Reached skill level 3 in Summonings
 11937 | D:11     | XOM: god gift: scroll labeled POMYNN XETEB {god gift}
 12002 | D:11     | XOM: destruction
 12009 | D:11     | Noticed a deep elf mage
 12020 | D:11     | Killed a deep elf mage
 12020 | D:11     | Reached skill level 4 in Summonings
 12214 | D:11     | XOM: cast spell 'Summon Dragon'
 12279 | D:11     | Reached skill level 5 in Summonings
 12377 | D:11     | XOM: summons 3 hostile demons
 12435 | D:11     | Noticed a hill giant
 12438 | D:11     | XOM: potion effect (invisibility)
 12443 | D:11     | Noticed a great orb of eyes
 12443 | D:11     | a hill giant changed into a great orb of eyes
 12443 | D:11     | XOM: polymorph hill giant -> great orb of eyes
 12469 | D:11     | XOM: confuse monster(s)
 12473 | D:11     | XOM: medium Tmut miscast
 12474 | D:11     | Killed a great orb of eyes
 12474 | D:11     | Reached skill level 6 in Summonings
 12599 | D:11     | Noticed a cyan ugly thing
 12612 | D:11     | XOM: summons friendly iron imp
 12624 | D:11     | XOM: confuse monster(s)
 12649 | D:11     | HP: 15/67 [red ugly thing (6)]
 12651 | D:11     | Killed a red ugly thing
 12779 | D:11     | XOM: destruction
 12788 | D:11     | XOM: polymorph yak -> fire bat
 12790 | D:11     | XOM: fog
 12839 | D:11     | XOM: summons 3 hostile demons
 12919 | D:11     | XOM: cloud trail
 12964 | D:11     | XOM: fog
 12971 | D:11     | XOM: polymorph yak -> blink frog
 12972 | D:11     | XOM: smoke on damage
 12982 | D:11     | XOM: cast spell 'Confusing Touch'
 12987 | D:11     | HP: 16/67 [yak (14)]
 12997 | D:11     | Reached skill level 7 in Summonings
 13170 | D:11     | XOM: silly message
 13231 | D:11     | XOM: summons 3 hostile demons
 13233 | D:11     | XOM: stat loss: -1 Dex (13/14)
 13240 | D:11     | XOM: harmless Tloc miscast
 13265 | D:11     | HP: 16/67 [hellwing[Xom] (13)]
 13270 | D:11     | Slain by a hellwing

Skill      XL: |  1  2  3  4  5  6  7  8  9 10 11 |
---------------+----------------------------------+-----
Stealth        | 2 3 5 6 7 11 | 11.3
Evocations     | 2 4 5 |  5.4
Short Blades   | 6 8 |  8.7
Dodging        | 3 8 10 | 10.0
Charms         | 4 |  4.4
Summonings     | 7 |  7.3
Fighting       | |  3.0

Action                   |  1- 3 |  4- 6 |  7- 9 | 10-12 || total
-------------------------+-------+-------+-------+-------++-------
Melee: Short sword       |    73 |    75 |    98 |   339 ||   585
       Constrict         |    15 |    20 |    90 |    74 ||   199
       Tentacles         |     4 |    18 |    78 |   103 ||   203
       Dagger            |       |    16 |   299 |   141 ||   456
Throw: Stone             |       |       |     9 |     5 ||    14
 Cast: Repel Missiles    |       |       |       |     2 ||     2
 Abil: Evoke Berserk Rag |       |       |     2 |     1 ||     3
Evoke: Wand              |       |       |       |     4 ||     4
  Use: Scroll            |       |     9 |     5 |     8 ||    22
       Potion            |       |       |     2 |     4 ||     6
 Stab: Sleeping          |    10 |    10 |    12 |    17 ||    49
       Confused          |       |     1 |     1 |     2 ||     4
       Petrified         |       |     1 |       |       ||     1
       Distracted        |       |       |     6 |     3 ||     9
       Paralysed         |       |       |     2 |       ||     2
       Petrifying        |       |       |     1 |     1 ||     2
       Invisible         |       |       |       |     2 ||     2
  Eat: Chunk             |     1 |     6 |    19 |    15 ||    41
Armor: Skin              |     7 |     3 |    12 |    29 ||    51
Dodge: Dodged            |    33 |    37 |   134 |   298 ||   502
       Deflected         |       |       |       |     2 ||     2

Vault maps used:
D:1:      onia_arrival_pyramid
D:2:      hangedman_decor_clover_reticule, uniq_jessica
D:3:      nemelex_altar_shiori
D:4:      led_xom_imps
D:5:      kennysheep_slug_shrine, first_bread, kennysheep_generic_room_14,
          uniq_blork_the_orc, uniq_sigmund
D:6:      lemuel_castle_with_subvaults, uniq_grinder, uniq_eustachio,
          uniq_duvessa
D:7:      yredelemnul_altar_generic, serial_curves, eino_curves_01,
          eino_curves_04, eino_curves_04, uniq_crazy_yiuf_cottage
D:8:      grunt_temple_overflow_order_and_chaos_1, okawaru_altar_gauntlet_db,
          lemuel_mausoleum_altar_kikubaaqudgha, hangedman_pestilent_swarm,
          moated_statue
D:9:      kennysheep_mini, grunt_temple_overflow_open, david_orc_5,
          minmay_misc_feat_plants
D:10:     minmay_misc_feat_x
D:11:     erik_lair_orcish_takeover

Table legend:
 A = Turns spent in this place as a percentage of turns spent in the entire game.
 B = Non-inter-level travel turns spent in this place as a percentage of non-inter-level travel turns spent in the entire game.
 C = Inter-level travel turns spent in this place as a percentage of turns spent in this place.
 D = Turns resting spent in this place as a percentage of non-inter-level travel turns spent in this place.
 E = Turns spent auto-exploring this place as a percentage of non-inter-level travel turns spent in this place.
 F = Non-inter-level travel turns spent in this place divided by the number of levels of this place that you've seen.
                   A       B       C       D       E      F
               +-------+-------+-------+-------+-------+----------------------
         Total | 100.0 | 100.0 |   0.3 |   1.9 |   4.5 | 580.1
       Dungeon | 100.0 | 100.0 |   0.3 |   1.9 |   4.5 | 580.1
               +-------+-------+-------+-------+-------+----------------------

Table legend:
 A = Kills in this place as a percentage of kills in entire the game.
 B = Kills by you in this place as a percentage of kills by you in the entire game.
 C = Kills by friends in this place as a percentage of kills by friends in the entire game.
 D = Other kills in this place as a percentage of other kills in the entire game.
 E = Experience gained in this place as a percentage of experience gained in the entire game.
 F = Experience gained in this place divided by the number of levels of this place that you have seen.
                   A       B       C       D       E      F
               +-------+-------+-------+-------+-------+----------------------
         Total | 100.0 | 100.0 | 100.0 | 100.0 | 100.0 | 1371.8
       Dungeon | 100.0 | 100.0 | 100.0 | 100.0 | 100.0 | 1371.8
               +-------+-------+-------+-------+-------+----------------------
